General information
- name: BNet
- type: Ladder team game (AT/RT)
- host: Battle.net
- saver: RYAN-MALLET
map: TwilightRuins
- players: 8
- length: 13:12
- speed: Fast
- version: 1.26 W3XP
- replay type: Public
» download(107 KB)
Players
team 1 (winner)

»
l[V]laJiN (
pink | 164 APM | 2163 actions | 13:11)
4 Lich
2 Frost Nova
2 Dark Ritual
2 Death Knight
1 Death Coil
1 Unholy Aura
» actions
| Assign group hotkey | 24 | |
| Basic commands | 45 | |
| Build / train | 38 | |
| ESC pressed | 1 | |
| Enter build submenu | 13 | |
| Enter hero's abilities submenu | 7 | |
| Give item / drop item | 1 | |
| Right click | 526 | |
| Select / deselect | 214 | |
| Select group hotkey | 1230 | |
| Use ability | 64 | |
2163 total
» units
| Acolyte | 3 | |
| Ghoul | 2 | |
| Crypt Fiend | 9 | |
| Obsidian Statue | 2 | |
16 total
» upgrades
| Burrow | 1 | |
| Web | 1 | |
| Destroyer Form | 1 | |
3 total
» buildings
| Crypt | 1 | |
| Graveyard | 1 | |
| Altar of Darkness | 1 | |
| Ziggurat | 5 | |
| Tomb of Relics | 1 | |
| Nerubian Tower | 1 | |
| Halls of the Dead | 1 | |
| Slaughterhouse | 1 | |
| Black Citadel | 1 | |
| Spirit Tower | 1 | |
| Necropolis | 1 | |
15 total
» build order
00:10 Crypt
00:13 Graveyard
00:42 Altar of Darkness
00:52 Ziggurat
01:18 Tomb of Relics
01:54 Ziggurat
02:07 Nerubian Tower
03:41 Halls of the Dead
04:15 Ziggurat
05:40 Ziggurat
06:34 Slaughterhouse
07:13 Black Citadel
09:18 Ziggurat
09:44 Spirit Tower
10:48 Necropolis
» items
| Rod of Necromancy | 2 | |
| Dust of Appearance | 1 | |
| Boots of Speed | 1 | |
| Orb of Corruption | 1 | |
| Scroll of Town Portal | 1 | |
6 total
Manolete_CR (
orange | 158 APM | 2083 actions | 13:11)
3 Archmage
1 Summon Water Elemental
2 Brilliance Aura
2 Mountain King
1 Storm Bolt
1 Bash
» actions
| Assign group hotkey | 21 | |
| Basic commands | 179 | |
| Build / train | 80 | |
| Enter build submenu | 24 | |
| Enter hero's abilities submenu | 5 | |
| Give item / drop item | 1 | |
| Right click | 315 | |
| Select / deselect | 303 | |
| Select group hotkey | 1091 | |
| Use ability | 64 | |
2083 total
» units
| Peasant | 15 | |
| Rifleman | 13 | |
| Mortar Team | 8 | |
36 total
» upgrades
| Gunpowder | 1 | |
| Armor | 1 | |
| Long Rifles | 1 | |
| Lumber Harvesting | 1 | |
| Flare | 1 | |
5 total
» buildings
| Farm | 11 | |
| Scout Tower | 1 | |
| Arcane Tower | 2 | |
| Blacksmith | 1 | |
| Altar of Kings | 1 | |
| Barracks | 1 | |
| Lumber Mill | 1 | |
| Keep | 5 | |
| Arcane Vault | 1 | |
| Workshop | 2 | |
| Town Hall | 1 | |
27 total
» build order
00:54 Farm
00:58 Scout Tower
01:11 Farm
01:26 Arcane Tower
01:26 Arcane Tower
01:37 Blacksmith
01:41 Altar of Kings
02:07 Barracks
02:08 Farm
02:48 Farm
02:59 Lumber Mill
03:40 Keep
03:41 Keep
04:33 Arcane Vault
04:57 Farm
05:45 Farm
05:46 Farm
06:16 Workshop
06:41 Workshop
07:25 Farm
07:27 Farm
09:03 Town Hall
10:42 Farm
10:43 Farm
» items

»
hexomedine2525 (
purple | 30 APM | 395 actions | 13:11)
4 Death Knight
2 Death Coil
2 Unholy Aura
» actions
| Build / train | 36 | |
| Enter build submenu | 21 | |
| Enter hero's abilities submenu | 4 | |
| Give item / drop item | 1 | |
| Right click | 170 | |
| Select / deselect | 133 | |
| Use ability | 30 | |
395 total
» units
| Acolyte | 7 | |
| Ghoul | 9 | |
| Gargoyle | 2 | |
| Frost Wyrm | 2 | |
20 total
» upgrades
| Cannibalize | 1 | |
| Creature Attack | 1 | |
| Creature Carapace | 1 | |
3 total
» buildings
| Crypt | 1 | |
| Altar of Darkness | 1 | |
| Ziggurat | 11 | |
| Graveyard | 1 | |
| Halls of the Dead | 1 | |
| Black Citadel | 1 | |
| Sacrificial Pit | 1 | |
| Boneyard | 2 | |
| Tomb of Relics | 1 | |
| Spirit Tower | 4 | |
24 total
» build order
00:39 Crypt
00:42 Altar of Darkness
00:44 Ziggurat
01:06 Ziggurat
01:22 Graveyard
02:59 Halls of the Dead
07:06 Black Citadel
07:19 Sacrificial Pit
09:43 Boneyard
09:47 Boneyard
09:51 Ziggurat
09:54 Ziggurat
09:56 Ziggurat
09:58 Ziggurat
10:00 Ziggurat
10:02 Ziggurat
10:05 Ziggurat
10:08 Ziggurat
10:31 Tomb of Relics
10:51 Spirit Tower
11:05 Spirit Tower
11:52 Spirit Tower
11:56 Ziggurat
11:59 Spirit Tower
» items
| Orb of Corruption | 1 | |
| Potion of Healing | 1 | |
2 total
RYAN-MALLET (
blue | 80 APM | 1058 actions | 13:12)
3 Blademaster
2 Wind Walk
1 Critical Strike
3 Shadow Hunter
2 Hex
1 Healing Wave
» actions
| Assign group hotkey | 45 | |
| Build / train | 41 | |
| Enter build submenu | 10 | |
| Enter hero's abilities submenu | 6 | |
| Right click | 495 | |
| Select / deselect | 112 | |
| Select group hotkey | 286 | |
| Use ability | 63 | |
1058 total
» units
» upgrades
| Ranged Weapons | 3 | |
| Armor | 2 | |
| Envenomed Spears | 1 | |
| Reinforced Defenses | 1 | |
7 total
» buildings
| Orc Burrow | 4 | |
| Altar of Storms | 1 | |
| Voodoo Lounge | 1 | |
| War Mill | 1 | |
| Stronghold | 2 | |
| Beastiary | 2 | |
| Fortress | 2 | |
| Spirit Lodge | 2 | |
15 total
» build order
00:23 Orc Burrow
00:41 Altar of Storms
02:02 Voodoo Lounge
02:27 War Mill
02:43 Stronghold
02:43 Stronghold
02:49 Orc Burrow
04:15 Orc Burrow
04:22 Orc Burrow
05:13 Beastiary
05:14 Beastiary
06:40 Fortress
06:41 Fortress
12:10 Spirit Lodge
12:10 Spirit Lodge
» items
| Healing Salve | 3 | |
| Lesser Clarity Potion | 2 | |
| Potion of Lesser Invulnerability | 1 | |
| Scroll of Town Portal | 1 | |
7 total
team 2 (loser)
ThEEnDIsNeAr600 (
green | 58 APM | 761 actions | 13:10)
4 Death Knight
2 Death Coil
2 Unholy Aura
1 Lich
1 Frost Nova
» actions
| Assign group hotkey | 12 | |
| Basic commands | 1 | |
| Build / train | 42 | |
| Enter build submenu | 17 | |
| Enter hero's abilities submenu | 5 | |
| Give item / drop item | 3 | |
| Right click | 454 | |
| Select / deselect | 172 | |
| Select group hotkey | 17 | |
| Use ability | 38 | |
761 total
» units
| Acolyte | 7 | |
| Ghoul | 3 | |
| Crypt Fiend | 8 | |
18 total
» upgrades
| Creature Attack | 2 | |
| Creature Carapace | 2 | |
| Web | 1 | |
| Burrow | 1 | |
6 total
» buildings
| Ziggurat | 5 | |
| Crypt | 1 | |
| Graveyard | 1 | |
| Altar of Darkness | 1 | |
| Tomb of Relics | 1 | |
| Nerubian Tower | 1 | |
| Halls of the Dead | 1 | |
| Necropolis | 1 | |
| Black Citadel | 1 | |
| Sacrificial Pit | 1 | |
| Boneyard | 2 | |
16 total
» build order
00:22 Ziggurat
00:27 Crypt
00:39 Graveyard
01:01 Altar of Darkness
01:19 Tomb of Relics
01:32 Nerubian Tower
02:01 Ziggurat
04:33 Halls of the Dead
05:03 Necropolis
06:16 Ziggurat
06:21 Ziggurat
08:29 Black Citadel
09:51 Sacrificial Pit
09:53 Ziggurat
11:53 Boneyard
12:02 Boneyard
» items
| Rod of Necromancy | 1 | |
| Boots of Speed | 1 | |
| Potion of Healing | 2 | |
| Scroll of Town Portal | 1 | |
| Orb of Corruption | 1 | |
| Scroll of Healing | 1 | |
| Potion of Mana | 1 | |
8 total

»
wOOty (
red | 31 APM | 343 actions | 10:55)
4 Tauren Chieftain
2 Endurance Aura
2 Shockwave
1 Beastmaster
1 Summon Bear
» actions
| Basic commands | 1 | |
| Build / train | 32 | |
| Enter build submenu | 16 | |
| Enter hero's abilities submenu | 5 | |
| Right click | 145 | |
| Select / deselect | 117 | |
| Use ability | 27 | |
343 total
» units
» upgrades
» buildings
| Altar of Storms | 1 | |
| Orc Burrow | 5 | |
| Barracks | 1 | |
| Voodoo Lounge | 1 | |
| War Mill | 1 | |
| Stronghold | 1 | |
| Great Hall | 1 | |
| Fortress | 1 | |
| Spirit Lodge | 1 | |
13 total
» build order
00:10 Altar of Storms
00:12 Orc Burrow
00:29 Barracks
01:34 Orc Burrow
02:26 Voodoo Lounge
02:43 Orc Burrow
03:48 War Mill
05:00 Stronghold
05:48 Great Hall
07:39 Fortress
07:47 Spirit Lodge
07:49 Orc Burrow
07:52 Orc Burrow
» items

»
vote4peace (
yellow | 50 APM | 655 actions | 12:59)
3 Dreadlord
1 Vampiric Aura
2 Sleep
» actions
| Assign group hotkey | 1 | |
| Basic commands | 50 | |
| Build / train | 43 | |
| ESC pressed | 2 | |
| Enter build submenu | 15 | |
| Enter hero's abilities submenu | 3 | |
| Remove unit from queue | 2 | |
| Right click | 174 | |
| Select / deselect | 252 | |
| Select group hotkey | 69 | |
| Use ability | 44 | |
655 total
» units
| Acolyte | 2 | |
| Ghoul | 10 | |
| Banshee | 5 | |
| Obsidian Statue | 1 | |
| Necromancer | 2 | |
| Grunt | 4 | |
| Spirit Walker | 3 | |
27 total
» upgrades
| Banshee Training | 2 | |
| Necromancer Training | 1 | |
3 total
» buildings
| Crypt | 1 | |
| Ziggurat | 4 | |
| Altar of Darkness | 1 | |
| Tomb of Relics | 1 | |
| Halls of the Dead | 2 | |
| Graveyard | 1 | |
| Black Citadel | 1 | |
| Temple of the Damned | 2 | |
| Spirit Tower | 1 | |
| Slaughterhouse | 1 | |
| Moon Well | 3 | |
18 total
» build order
00:11 Crypt
00:25 Ziggurat
00:45 Altar of Darkness
01:03 Tomb of Relics
01:21 Ziggurat
01:56 Ziggurat
03:10 Halls of the Dead
04:18 Graveyard
05:32 Black Citadel
05:48 Temple of the Damned
05:52 Temple of the Damned
07:24 Spirit Tower
08:01 Slaughterhouse
09:41 Ziggurat
11:16 Moon Well
11:49 Moon Well
11:51 Moon Well
» items
| Rod of Necromancy | 2 | |
| Wand of Illusion | 1 | |
3 total
Ternlef (
teal | 80 APM | 795 actions | 09:53)
2 Demon Hunter
1 Mana Burn
1 Evasion
1 Naga Sea Witch
1 Frost Arrows
» actions
| Assign group hotkey | 6 | |
| Build / train | 51 | |
| Enter build submenu | 18 | |
| Enter hero's abilities submenu | 3 | |
| Remove unit from queue | 2 | |
| Right click | 444 | |
| Select / deselect | 136 | |
| Select group hotkey | 97 | |
| Use ability | 38 | |
795 total
» units
» buildings
| Altar of Elders | 1 | |
| Moon Well | 3 | |
| Ancient of War | 1 | |
| Ancient of Wonders | 1 | |
| Tree of Ages | 2 | |
| Hunter's Hall | 1 | |
| Ancient of Wind | 5 | |
| Ancient Protector | 3 | |
17 total
» build order
00:14 Altar of Elders
00:18 Moon Well
00:32 Ancient of War
01:24 Moon Well
01:57 Ancient of Wonders
02:50 Tree of Ages
02:50 Tree of Ages
03:18 Hunter's Hall
03:28 Moon Well
05:28 Ancient of Wind
05:31 Ancient of Wind
05:35 Ancient of Wind
06:42 Ancient of Wind
06:49 Ancient of Wind
06:59 Ancient Protector
07:42 Ancient Protector
09:19 Ancient Protector
» items
| Staff of Preservation | 3 | |
| Scroll of Town Portal | 1 | |
| Potion of Healing | 1 | |
5 total
Chat log
(00:09 / All) ThEEnDIsNeAr600: pro gamers ^
(00:12 / Allies) Manolete_CR: rifleman/mortes
(00:23 / All) wOOty: shut the fuck up
(01:06 / All) RYAN-MALLET: im the little brother of kodos_Forsaken, you're all going down!!!!
(01:12 / All) wOOty: faggot
(01:16 / All) ThEEnDIsNeAr600: kodos sucks'
(01:34 / All) vote4peace: tell ur bro his peepee is prob small
(01:39 / All) wOOty: ^^
(01:41 / All) ThEEnDIsNeAr600: and that he blows
(01:46 / All) ThEEnDIsNeAr600: massing games doesnt mak eu skilled
(01:50 / All) RYAN-MALLET: i have inherited his excellent genes of charisma, unfortunately, not his wc3 expertise
(02:00 / All) wOOty: faggot
(02:02 / All) Ternlef: YEHH
(02:02 / All) wOOty: hush
(02:04 / All) Ternlef: INTRNET FITEEEE
(02:51 / All) wOOty: did you inherit his small penis?
(03:07 / All) RYAN-MALLET: shut up mang you jealous
(03:13 / All) wOOty: mang?
(03:16 / All) wOOty: is that a fruit?
(03:24 / All) wOOty: like mango
(03:30 / All) wOOty: but a cross breed
(03:31 / All) Ternlef: BURN
(03:35 / All) Ternlef: U A FRUT MANG
(03:38 / All) Ternlef: ANSWR HM MANG
(03:40 / All) wOOty: frut?
(03:42 / All) Ternlef: U A FRRU ?!
(04:04 / All) Ternlef: HE PROBLY CALD UA PNEAPLE
(04:08 / All) wOOty: im the father of kodos_forsaken.
(04:10 / All) Ternlef: BECUZ THY GYST OF AL FRUT
(09:14 / Allies) l[V]laJiN: b
(09:52 / All) Ternlef: gg wp, werd team
(09:58 / All) RYAN-MALLET: lolz
(09:59 / All) ThEEnDIsNeAr600: lol
(10:12 / All) RYAN-MALLET: majin #1!!!
(11:14 / Allies) hexomedine2525: ty
(11:15 / Allies) Manolete_CR: wtf
(12:10 / Allies) Manolete_CR: tp
(12:12 / Allies) Manolete_CR: tp
(12:23 / Allies) Manolete_CR: tp noobs!
(13:00 / All) ThEEnDIsNeAr600: gg
(13:04 / All) ThEEnDIsNeAr600: you didnt play well
(13:08 / All) ThEEnDIsNeAr600: this team was horrid